Cogmind - Beta 9.6 @@@ ROGUE MODE // 2020.08.27 @ 14:05:35 Player: Flaks Result: Self-destructed Performance ------------- Evolutions (1) 500 Regions Visited (3) 600 Robots Destroyed (12) 60 Value Destroyed (146) 146 Prototype IDs (5) 100 Alien Tech Used (0) 0 Bonus (0) 0 TOTAL SCORE: 1406 Bonus ------- None Cogmind --------- Core Integrity 376/400 Matter 189/300 Energy 259/265 System Corruption 0% Temperature Cool (15) Movement Flying (200) Ox2 Location -9/Materials Parts ------- > --- POWER (1) -------- Improved Ion Engine > --- PROPULSION (3) --- Flight Unit > --- UTILITY (3) ------ Small Storage Unit Visual Processing Unit Improved Sensor Array > --- WEAPON (2) ------- (None) > --- INVENTORY (6) ---- Ion Engine Light Ion Engine Structural Scanner Improved Signal Interpreter ECM Suite Mini Grenade Launcher Peak State ------------ > --- POWER ------------ Light Ion Engine > --- PROPULSION ------- Flight Unit Flight Unit Flight Unit > --- UTILITY ---------- Small Storage Unit Structural Scanner Improved Sensor Array > --- WEAPON ----------- EM Pulse Gun Mini Grenade Launcher > --- INVENTORY -------- Heavy Ion Engine Flight Unit Improved Signal Interpreter Small Laser [Rating: 11] Favorites ----------- Power Light Ion Engine Engine Light Ion Engine Propulsion Flight Unit Wheel Wheel Flight Unit Flight Unit Utility Small Storage Unit Device Structural Scanner Storage Small Storage Unit Processor Improved Signal Interpreter Weapon EM Pulse Gun Energy Gun EM Pulse Gun Energy Cannon Beam Cannon Launcher Mini Grenade Launcher Build | -11 -10 -10 -9 ------- Run | Scr Mat Min Mat Slots Evolved 2 | . . . 2 Power . | . . . . Propulsion 1 | . . . 1 Utility 1 | . . . 1 Weapon . | . . . . Parts Attached 32 | 5 12 2 13 Power 6 | 1 3 . 2 Engine 6 | 1 3 . 2 Core . | . . . . Reactor . | . . . . Propulsion 10 | 2 4 2 2 Treads . | . . . . Leg . | . . . . Wheel 2 | 2 . . . Hover . | . . . . Flight 8 | . 4 2 2 Utility 5 | 1 2 . 2 Device 2 | . 1 . 1 Storage 1 | 1 . . . Processor 2 | . 1 . 1 Hackware . | . . . . Protection . | . . . . Artifact . | . . . . Weapon 11 | 1 3 . 7 Energy Gun 8 | 1 2 . 5 Energy Cannon 1 | . 1 . . Ballistic Gun . | . . . . Ballistic Cannon . | . . . . Launcher 2 | . . . 2 Special Weapon . | . . . . Impact Weapon . | . . . . Slashing Weapon . | . . . . Piercing Weapon . | . . . . Special Melee Weapon . | . . . . Unidentified Prototypes . | . . . . Parts Lost 5 | . 1 . 4 Power 1 | . 1 . . Propulsion 3 | . . . 3 Utility . | . . . . Weapon 1 | . . . 1 Highest Loss Streak 2 | . 1 . 2 Average Slot Usage (%) 80 | . 84 71 81 Engine 12 | . 13 14 11 Wheel 4 | . 14 . . Flight 26 | . 13 28 33 Device 12 | . 1 14 18 Storage 12 | . 14 14 11 Processor 4 | . 12 . . Energy Gun 6 | . 9 . 6 Energy Cannon 1 | . 5 . . Naked Turns . | . . . . Heaviest Build 14 | 11 14 8 13 Greatest Support 20 | 20 20 8 12 Greatest Overweight (x) 3 | . 3 . 1 Average Overweight (x) . | . . . . Largest Inventory Capacity 6 | 6 6 6 6 Average Capacity 5 | 5 6 6 6 Most Carried 6 | 6 6 6 6 Average Carried 5 | 3 5 5 5 Final Capacity 6 | 6 6 6 6 Final Carried 6 | 6 6 6 6 Class Distribution -------------------- 94% | Mutant 5% | Scavenger-Mutant Dominant Class ---------------- Mutant | -10/Materials Mutant | -10/Mines Mutant | -9/Materials Resources | -11 -10 -10 -9 ----------- Run | Scr Mat Min Mat Matter Collected 444 | 250 92 43 59 Remotely . | . . . . Salvage Created 214 | . 140 . 74 Parts 18 | . 11 . 7 Haulers Intercepted 1 | . . . 1 Recyclers Shooed . | . . . . Parts Field Recycled . | . . . . Retrieved Matter . | . . . . Parts Self-Destructed . | . . . . Prevented . | . . . . Kills | -11 -10 -10 -9 ------- Run | Scr Mat Min Mat Combat Hostiles Destroyed 11 | . 7 . 4 Guns 6 | . 6 . . Cannons 1 | . 1 . . AOE 4 | . . . 4 Classes Destroyed 3 | . 2 . 1 Hauler 1 | . . . 1 Swarmer 10 | . 6 . 4 Grunt 1 | . 1 . . Best Kill Streak 4 | . 3 . 4 Combat Bots Only 4 | . 3 . 4 Max Kills in Single Turn 2 | . 1 . 2 Gunslinging . | . . . . Exploded 2 | . . . 2 Melee . | . . . . Uniques/NPCs Destroyed . | . . . . Combat | -11 -10 -10 -9 -------- Run | Scr Mat Min Mat Damage Taken 397 | . 240 . 157 Core 55 | . 31 . 24 Absorbed by Shields . | . . . . Core Remaining (%) 93 | 100 . 87 . Volleys Fired 23 | . 13 . 10 Largest 2 | . 2 . 2 Hottest 100 | . 100 . 80 Shots Fired 38 | . 26 . 12 Gun 23 | . 17 . 6 Cannon 9 | . 9 . . Launcher 6 | . . . 6 Special . | . . . . Kinetic . | . . . . Thermal 11 | . 9 . 2 Explosive 6 | . . . 6 Electromagnetic 21 | . 17 . 4 Robot Hit Streak 6 | . 4 . 6 Robot Miss Streak 4 | . 4 . 2 Penetration Max . | . . . . Secondary Targets 1 | . 1 . . Max Gunslinging Chain 1 | . 1 . . Shots Hit Robots 17 | . 13 . 4 Core Hits 14 | . 7 . 7 Critical Hits . | . . . . Critical Kills . | . . . . Critical Parts Destroyed . | . . . . Melee Attacks . | . . . . Impact . | . . . . Slashing . | . . . . Piercing . | . . . . Sneak Attacks . | . . . . Combat Hostiles . | . . . . Follow-up Attacks . | . . . . Damage Inflicted 524 | . 165 . 359 Guns 195 | . 114 . 81 Cannons 51 | . 51 . . Explosions 278 | . . . 278 Melee . | . . . . Ramming . | . . . . Kinetic . | . . . . Thermal 62 | . 51 . 11 Explosive 278 | . . . 278 Electromagnetic 184 | . 114 . 70 Impact . | . . . . Slashing . | . . . . Piercing . | . . . . Highest Corruption . | . . . . Average Corruption . | . . . . Corruption Purged . | . . . . Overload Shots . | . . . . Overflow Damage . | . . . . Projectiles . | . . . . Explosions . | . . . . Melee . | . . . . Knockbacks . | . . . . Impact . | . . . . Kinetic . | . . . . Secondary . | . . . . Self-Inflicted Damage 34 | . . . 34 Shots 1 | . . . 1 Rammed . | . . . . Targets Rammed . | . . . . Kicked . | . . . . Crushed . | . . . . Highest Temperature 312 | . 312 . 36 Average Temperature 105 | . 118 . 16 Received Heat Transfer 57 | . 12 . 45 Siege Activations . | . . . . Robots Corrupted . | . . . . Combat Hostiles . | . . . . Parts Fried 1 | . 1 . . Impact Corruptions . | . . . . Robots Melted . | . . . . Combat Hostiles . | . . . . Parts Melted . | . . . . Heat Transferred 136 | . 111 . 25 Parts Sabotaged . | . . . . Parts Stolen . | . . . . Parts Stripped . | . . . . Power Chain Reactions . | . . . . Missiles Intercepted . | . . . . Alert | -11 -10 -10 -9 ------- Run | Scr Mat Min Mat Peak Influence 297 | . 297 115 185 Average Influence 94 | . 108 115 87 Maximum Alert Level 1 | . 1 . . Low Security (%) 92 | 100 74 100 100 Level 1 7 | . 25 . . Level 2 . | . . . . Level 3 . | . . . . Level 4 . | . . . . Level 5 . | . . . . High Security . | . . . . Max Security . | . . . . Squads Dispatched 5 | . 4 . 1 Investigation 2 | . 2 . . Extermination . | . . . . Reinforcement 3 | . 2 . 1 Assault . | . . . . Garrison . | . . . . Intercept . | . . . . Construction Impeded . | . . . . Haulers Reinforced . | . . . . Stealth | -11 -10 -10 -9 --------- Run | Scr Mat Min Mat Distress Signals 2 | . 2 . . Communications Jammed . | . . . . Distress Signals . | . . . . Times Spotted 43 | . 24 . 19 Peak Tracking Total 9 | . 9 . 8 Tactical Retreats 7 | . 3 . 4 Traps | -11 -10 -10 -9 ------- Run | Scr Mat Min Mat Traps Triggered . | . . . . Indirectly . | . . . . Trap Hack Attempts . | . . . . Triggered . | . . . . Disarmed . | . . . . Reprogrammed 6 | . 6 . . Reused 1 | . 1 . . Traps Extracted . | . . . . Installed . | . . . . Triggered 1 | . 1 . . Machines | -11 -10 -10 -9 ---------- Run | Scr Mat Min Mat Machines Disabled 1 | . 1 . . Max in Single Turn 1 | . 1 . . Machines Sabotaged . | . . . . Garrisons Compromised . | . . . . Overloaded Fab Kills . | . . . . Fab Network Shutdowns . | . . . . Hacking | -11 -10 -10 -9 --------- Run | Scr Mat Min Mat Machines Accessed 12 | . 7 . 5 Terminals 9 | . 5 . 4 Fabricators . | . . . . Repair Stations 1 | . 1 . . Recycling Units 1 | . 1 . . Scanalyzers 1 | . . . 1 Garrison Access . | . . . . Total Hacks 37 | . 26 . 11 Successful 24 | . 15 . 9 Failed 13 | . 11 . 2 Catastrophic 3 | . 2 . 1 Database Lockouts . | . . . . Manual 5 | . 5 . . Terminals 30 | . 21 . 9 Fabricators . | . . . . Repair Stations 2 | . 2 . . Recycling Units 3 | . 3 . . Scanalyzers 2 | . . . 2 Garrison Access . | . . . . Terminal Hacks 19 | . 12 . 7 Record 1 | . 1 . . Prototype ID Bank 3 | . 2 . 1 Scanalyzer Index 1 | . . . 1 Alert Level 4 | . 3 . 1 Locate Traps 2 | . 1 . 1 Reprogram Traps 1 | . 1 . . Dispatch Records 1 | . 1 . . Maintenance Status 1 | . . . 1 Hauler Manifests 2 | . 1 . 1 Registered Components 1 | . 1 . . Zone Layout 2 | . 1 . 1 Fabricator Hacks . | . . . . Repair Station Hacks 1 | . 1 . . Scan Component 1 | . 1 . . Recycling Unit Hacks 2 | . 2 . . Process 1 | . 1 . . Report Inventory 1 | . 1 . . Scanalyzer 2 | . . . 2 Insert Component 1 | . . . 1 Analyze 1 | . . . 1 Garrison Access Hacks . | . . . . Unauthorized Hacks . | . . . . Terminals . | . . . . Fabricators . | . . . . Repair Stations . | . . . . Recycling Units . | . . . . Scanalyzers . | . . . . Garrison Access . | . . . . Data Cores Recovered . | . . . . Used . | . . . . Hacking Detections 11 | . 8 . 3 Full Trace Events 1 | . 1 . . Feedback Events . | . . . . Feedback Blocked . | . . . . Robot Schematics Acquired . | . . . . Robots Built . | . . . . Matter . | . . . . Time . | . . . . Total Robot Build Rating . | . . . . Part Schematics Acquired 1 | . . . 1 Parts Built . | . . . . Matter . | . . . . Time . | . . . . Total Part Build Rating . | . . . . Parts Repaired . | . . . . Time . | . . . . Parts Recycled . | . . . . Recycled Matter 121 | . 121 . . Retrieved Matter . | . . . . Retrieved Components . | . . . . Parts Scanalyzed 1 | . . . 1 Part Schematics Acquired 1 | . . . 1 Parts Damaged . | . . . . Bothacking | -11 -10 -10 -9 ------------ Run | Scr Mat Min Mat Used RIF Installer . | . . . . Robots Hacked . | . . . . Non-combat . | . . . . Combat . | . . . . Robot Hacks Applied . | . . . . Relay Couplers Released . | . . . . Robots Rewired . | . . . . Allies Hacked . | . . . . Hacks Repelled . | . . . . Allies | -11 -10 -10 -9 -------- Run | Scr Mat Min Mat Total Allies . | . . . . Largest Group . | . . . . Highest-Rated Group . | . . . . Highest-Rated Ally . | . . . . Total Orders . | . . . . Ally Attacks . | . . . . Total Damage . | . . . . Kills . | . . . . Allies Corrupted . | . . . . Allies Melted . | . . . . Intel | -11 -10 -10 -9 ------- Run | Scr Mat Min Mat Robot Analysis Total . | . . . . Derelict Logs Recovered 1 | . . 1 . Drone Launches . | . . . . Drone Recoveries . | . . . . Exploration | -11 -10 -10 -9 ------------- Run | Scr Mat Min Mat Turns Passed 1052 | 55 302 201 494 Spaces Moved 1501 | 51 382 514 554 Core 2 | 2 . . . Treads . | . . . . Legs . | . . . . Wheels 168 | 49 119 . . Hover . | . . . . Flight 1331 | . 263 514 554 Fastest Speed 34 | 50 37 37 34 Average Speed 42 | 78 53 37 37 Slowest Speed 285 | 80 285 37 117 Overloaded Moves . | . . . . Propulsion Burnouts . | . . . . Robots Hopped 32 | . 5 12 15 Cave-ins Triggered . | . . . . Exploration Rate (%) 53 | 2 75 98 40 Regions Visited 3 Branch Regions 1 Pre-discovered Areas . | . . . . Known Exits Taken . | . . . . Unknown Exits Taken 3 | 1 1 1 . Scrap Searched 2 | . . 2 . Spaces Dug 10 | . . . 10 Terrain Destroyed 56 | . . . 56 Melee . | . . . . Projectile . | . . . . AOE 56 | . . . 56 Actions | -11 -10 -10 -9 --------- Run | Scr Mat Min Mat Total 1842 | 65 452 511 814 Wait 276 | . 33 6 237 Move 1435 | 50 371 490 524 Hop 31 | . 5 11 15 Pick Up 23 | 10 5 1 7 Fast Attach 7 | 1 5 . 1 Attach 16 | 4 4 . 8 Detach 7 | . 3 . 4 Swap 9 | . 3 2 4 Drop 15 | . 10 1 4 Fire 23 | . 13 . 10 Melee . | . . . . Ram . | . . . . Kick . | . . . . Crush . | . . . . Escape Stasis . | . . . . Rewire . | . . . . Trap . | . . . . Miscellaneous . | . . . . Route ------- -11/Scrapyard -10/Materials (discovered 2 exits: *Mat / [*Min]) -10/Mines (discovered 2 exits: *Mat x2) -9/Materials (discovered 2 exits: [*Min x2]) History --------- Turn | Location | Event 20 | -11/Scrapyard | Discovered new exit (range 14) 56 | -11/Scrapyard | Entered Materials 251 | -10/Materials | Discovered new exit (range 8) 324 | -10/Materials | Build established: Mutant 348 | -10/Materials | Discovered new exit (range 12) 358 | -10/Materials | Entered Mines 377 | -10/Mines | Received a Rocket Launcher from a helpful Derelict 433 | -10/Mines | Learned Materials stockpile data 462 | -10/Mines | Discovered new exit (range 5) 541 | -10/Mines | Discovered new exit (range 11) 559 | -10/Mines | Entered Materials 559 | -9/Materials | Evolved 2 slots: Propulsion x1, Utility x1 676 | -9/Materials | Discovered new exit (range 7) 1032 | -9/Materials | Discovered new exit (range 12) 1053 | -9/Materials | Self-destructed Last Messages --------------- 00892_ Acquired Structural Scanner. 00895_ Connecting with Terminal... >>Index(Scanalyzers) Found 2 scanalyzers. Downloaded coordinate data. >>Enumerate(Maintenance) Found 25 registered maintenance bots. 14 Workers 4 Builders 1 Tunneler 6 Recyclers Downloaded coordinate data. 00959_ K-01 Serf cleans the Neutrino Reactor. 01004_ O-16 Technician: "IFF HANDSHAKE FAILED. SECURING TERMINAL." 01012_ Acquired Visual Processing Unit. 01013_ ALERT: Hostiles spotted, dispatching reinforcements to Terminal M009. 01032_ EXIT=FOUND 01032_ Machine disabled. 01053_ Flight Unit destroyed. Map ----- +----------------------------------------------------+ | | | | | | | | | | | | | ???????????????????????????? | | ???????????????????????????? | | ?????#####?????????????????? | | ##### #?????????????????? | | # #?????????????????? | | # #?????????????????? | | # #?????????????????? | | + #??###????????????? | | # #?#"" #???????????? | | #/### ##"!!!"##?????????? | | [ # #"" ""#?????????? | | # # ??????????? | | "" ###### < ??????????? | | T" #????? ??????????? | | "" #?????? ???????????? | | #?????? ???????????? | | #####??????# #???????????? | | ############ ############# | | # # # | | # # bY @ # | | """"""" # # """""""g # | | """"""" # # """"""" # | | """"""" # # """"""" # | | """"""" + + """"""" [# | | """"""" # # """"""" # | | ############ ############# | | ??????????# #??????????? | | ????????? #??????????? | | ???????? #??????????? | | ?????? #??????????? | | ????? ##### #??????????? | | ??? ?????#######??????????? | | ?? ???????????????????????? | | ???????????????????????????? | | ???????????????????????????? | | ???????????????????????????? | | ???????????????????????????? | | ???????????????????????????? | | ???????????????????????????? | | ???????????????????????????? | | ???????????????????????????? | | ???????????????????????????? | | ???????????????????????????? | | ???????????????????????????? | +----------------------------------------------------+ Best States ------------- Heat Dissipation 28 Energy Generation 12 Energy Capacity 265 Matter Stores 300 Matter Capacity 300 Sight Range 18 Robot Scan Range 13 Terrain Scan Density 10 Evasion (%) 63 Item Schematics ----------------- Hvy. Ion Engine | -9/Materials | Scanalyzed Robot Schematics ------------------ None Fabricated ------------ Nothing Alien Tech Used ----------------- None Achievements -------------- None Challenges ------------ None Game ------ Seed SigixSmallBooster Manual? 0 Play Time 00:33:10 Cumulative 5.7 hours Start 2020.08.27 @ 13:29:24 End 2020.08.27 @ 14:05:35 Sessions 1 Manual Loads 0 Difficulty Rogue Special Mode None Game No. 4 Rogue 3 Adventurer 1 Explorer 0 Win Type - Total 0 Types 0/0/0/0/0/0/0 Lore% 5 Gallery% 10 Achievement% 8 Wizard Run 0 Options --------- ASCII 0 Keyboard 0 Movement Mouse Keybinds 0 Fullscreen 1 Font 24/Smallcaps Map View 76x50 Tactical HUD 1 Map Filters NONE Filters NONE Steam 1 RUN: cd06e73d-bf7b-4ae8-bdc3-3e5ccb9e3c19